 Dungeon Crawl Stone Soup version 0.16.2-12-gd0ad4c3 (webtiles) character file.

86 Peloso the Shield-Bearer (level 4, -2/40 HPs)
             Began as a Minotaur Fighter on Oct 18, 2015.
             Slain by Crazy Yiuf
             ... wielding a +4 quarterstaff of chaos
              (4 damage)
             ... on level 2 of the Dungeon.
             The game lasted 00:04:03 (1436 turns).

Peloso the Shield-Bearer (Minotaur Fighter)         Turns: 1436, Time: 00:04:03

Health: -2/40      AC: 10    Str: 21    XL:     4   Next: 27%
Magic:  2/2        EV:  6    Int:  5    God:
Gold:   66         SH:  9    Dex: 10    Spells: 0 memorised, 3 levels left

rFire  + . .     SeeInvis .     a - +0 long sword
rCold  + . .     Clarity  .     v - +0 chain mail
rNeg   . . .     SustAb   .     c - +0 shield
rPois  +         Gourm    .     (helmet restricted)
rElec  +         Spirit   .     (no cloak)
rCorr  +         Warding  .     (no gloves)
rMut   .         Stasis   .     y - +0 pair of boots
MR     .....                    (no amulet)
Stlth  ..........               (no ring)
                                (no ring)

@: resistant, not resistant to hostile enchantments, extremely unstealthy
A: retaliatory headbutt, horns 2
a: no special abilities


You were on level 2 of the Dungeon.
You were near starving.

You visited 1 branch of the dungeon, and saw 2 of its levels.

You collected 66 gold pieces.

Inventory:

Hand weapons
 a - a +0 long sword (weapon)
Armour
 b - a +0 scale mail
 c - a +0 shield (worn)
 v - a +0 chain mail (worn)
 y - a +0 pair of boots (worn)
Scrolls
 f - 2 scrolls of remove curse {unknown}
 h - a scroll of recharging {unknown}
 i - a scroll of enchant armour {unknown}
 k - 2 scrolls of random uselessness {unknown}
 l - 2 scrolls of teleportation {unknown}
 m - a scroll of fog {unknown}
 n - 4 scrolls of identify {unknown}
 r - a scroll of noise {unknown}
 s - a scroll of magic mapping {unknown}
 t - 2 scrolls of blinking {unknown}
Potions
 e - a potion of might
 g - a potion of invisibility {unknown}
 o - a potion of cure mutation {unknown}
 p - a potion of brilliance {unknown}
 u - a potion of resistance
 w - a potion of poison {unknown}
 x - a potion of degeneration {unknown}
Comestibles
 d - 2 bread rations
 j - a chunk of flesh
 q - a meat ration


   Skills:
 + Level 4.2 Fighting
 + Level 3.0 Long Blades
 + Level 4.0 Armour
 + Level 1.4 Dodging
 + Level 0.5 Stealth
 + Level 4.6 Shields


You had 3 spell levels left.
You didn't know any spells.

Dungeon Overview and Level Annotations

Branches:
Dungeon (2/15)

Altars:

Annotations:
D:2 Crazy Yiuf


Innate Abilities, Weirdness & Mutations

You reflexively headbutt those who attack you in melee.
You have a pair of horns on your head.


Message History

Crazy Yiuf is heavily wounded.
Crazy Yiuf hits you with a quarterstaff of chaos.
Crazy Yiuf draws strength from your injuries!
You closely miss Crazy Yiuf.
Crazy Yiuf is heavily wounded.
Crazy Yiuf hits you with a quarterstaff of chaos!
* * * LOW HITPOINT WARNING * * *
You suddenly lose the ability to move!
Crazy Yiuf completely misses you.
Crazy Yiuf whimpers, "East dark wrapper!"
Crazy Yiuf hits you with a quarterstaff of chaos.
* * * LOW HITPOINT WARNING * * *
Crazy Yiuf freezes you.
* * * LOW HITPOINT WARNING * * *
You can move again.
Drink which item? (? for menu, Esc to quit)
It was a potion of resistance.
You feel protected.
Crazy Yiuf hits you with a quarterstaff of chaos.
You die...

#........###..
#........# ###
###(.....#
#......# #####
#......# #)..#
#......# #...#
#......# #..g#
#(###### #@#
#.# ♣.♣♣ #÷#
♣♣.♣ #.# ♣.♣♣
#.# ♣♣.♣ #.#
♣♣.♣♣ #.#
♣♣...♣ #.#
♣P.PP♣ #.#
#....# #.#


You could see Crazy Yiuf.

Vanquished Creatures
  3 adders (D:2)
  A worm (D:2)
  2 giant geckos (D:2)
  An ooze (D:2)
  4 giant cockroaches
  4 hobgoblins
  9 kobolds
  A quokka (D:2)
  7 bats
  4 giant newts
  9 goblins
  4 rats
  A bush (D:2)
50 creatures vanquished.

Notes
Turn   | Place    | Note
--------------------------------------------------------------
     0 | D:1      | Peloso, the Minotaur Fighter, began the quest for the Orb.
     0 | D:1      | Reached XP level 1. HP: 19/19 MP: 1/1
   326 | D:1      | Reached XP level 2. HP: 27/27 MP: 1/1
   345 | D:1      | Reached skill level 4 in Shields
   846 | D:2      | Reached XP level 3. HP: 20/33 MP: 2/2
  1019 | D:2      | Reached skill level 1 in Dodging
  1128 | D:2      | Reached XP level 4. HP: 40/40 MP: 2/2
  1425 | D:2      | Noticed Crazy Yiuf
  1433 | D:2      | Paralysed by Crazy Yiuf for 3 turns
  1435 | D:2      | HP: 2/40 [Crazy Yiuf/quarterstaff of chaos (1)]
  1436 | D:2      | Slain by Crazy Yiuf

Action                   |  1- 3 |  4- 6 || total
-------------------------+-------+-------++-------
Melee: Long sword        |    94 |    66 ||   160
  Use: Potion            |       |     1 ||     1
